[Event "ChessKid Cup Div-III 2023"]
[Site "Online"]
[Date "2023.05.25"]
[Round "56.2"]
[White "Navara, David"]
[Black "Bernadskiy, Vitaliy"]
[Result "1-0"]
[ECO "C65"]
[WhiteElo "2678"]
[BlackElo "2592"]
[Annotator "TA"]
[PlyCount "125"]
[EventDate "2023.05.21"]
[EventType "k.o."]
[EventCountry "NET"]
[SourceTitle "playchess.com"]
[Source "ChessBase"]
[SourceQuality "1"]
[TimeControl "900+3"]

1. e4 e5 2. Nf3 Nc6 3. Bb5 Nf6 4. d3 Bc5 5. c3 O-O 6. O-O {[%emt 0:00:02] C65: Ruy Lopez: Berlin Defence (3...Nf6), unusual lines and 4 0-0 Bc5.} d5 {[%emt 0:00:01] The modern move.} 7. Nbd2 dxe4 8. dxe4 {[%emt 0:00:00] The position is equal.} a5 9. a4 Bg4 10. h3 Bh5 11. Qc2 Qe7 12. Nh4 Bg6 {[%emt 0:00:50] [#]} 13. Nxg6 $146 ({Predecessor:} 13. g3 Na7 14. Bc4 Nc8 15. Nxg6 hxg6 16. Kg2 Nd6 17. Ba2 Qd7 18. Qd3 {1-0 Nevednichy,V (2547)-Brumen,D (2359) Mediterranean op-A 4th 2010 (3)}) 13... fxg6 14. Nc4 Nh5 15. Kh2 {[%emt 0:01:13] Prevents Ng3} Na7 {[%emt 0:01:19] Threatens to win with ...c6.} 16. Nxa5 Nxb5 17. axb5 Qf6 18. Nxb7 Rxa1 19. Nxc5 {[%emt 0:00:00][%cal Oc1g5] And now Bg5! would win.} Qf7 20. f3 Nf4 21. Rd1 (21. c4 $14) 21... Qc4 $2 {[%emt 0:00:54][%mdl 8192] This move loses the game for Black.} (21... Nxg2 $1 $15 22. Qb3 (22. Qxg2 $2 {too greedy.} Rxc1 23. Qe2 Rxd1 $19) 22... Nf4 23. Qxf7+ Rxf7 24. Rd8+ Rf8 25. Rxf8+ {[%mdl 64] Remove Defender} Kxf8 26. Bxf4 exf4 27. Ne6+ Ke8 28. Nxc7+ Kd7) 22. Nd7 $1 $18 Re8 {[%emt 0:00:48] [#]} 23. Nxe5 $1 Rxe5 (23... Qxb5 24. Bxf4) 24. Bxf4 {[%emt 0:00:25][%mdl 64] Discovered Attack} Rxd1 25. Qxd1 Rxb5 {[%emt 0:00:11][%mdl 4096] Endgame KQR-KQB} (25... Qxb5 $142 26. Bxe5 Qxe5+ 27. Kg1 Qg3 28. Qd8+ Kf7 29. Qd7+ Kf6 30. Qd4+ Kf7) 26. Qd8+ {[%emt 0:00:02] White is clearly winning.} Kf7 27. Qd7+ ({Stronger than} 27. Qxc7+ Qxc7 28. Bxc7 Rxb2 $11) 27... Kf8 28. Bxc7 {[%emt 0:00:05] Threatening mate with Bd6+.} h6 (28... h5 $142 29. Qd8+ Kf7) 29. Bb6 {[%emt 0:01:39][%mdl 64] Decoy} Rxb2 30. Bd4 Qf7 31. Qd8+ Qe8 {[%emt 0:00:01] [#]} 32. Bxg7+ $1 {[%emt 0:00:01][%mdl 576] Double Attack} Kf7 33. Qf6+ Kg8 34. Bxh6 Qf7 {[%emt 0:00:07] Against Qg7+} 35. Qxf7+ Kxf7 {[%emt 0:00:00] KR-KB} 36. Be3 Rc2 {[%emt 0:00:08] [#]} 37. Bd4 $1 {[%emt 0:00:02] aiming for h4.} g5 38. Kg3 Kg6 39. Be5 Kh5 (39... Kf7 $142 40. Bd4 Re2) 40. Bf6 Kg6 41. Be7 Rxc3 42. h4 gxh4+ 43. Kxh4 Rc7 44. Bd6 Rc6 45. Bf4 Rc2 46. g3 Rf2 47. Kg4 Rf1 48. Bg5 Re1 49. Kf4 Rf1 50. g4 Kf7 51. Kg3 Kg6 52. Be3 Re1 53. Kf2 Rh1 54. f4 Rh3 55. f5+ Kf6 56. Bf4 Kf7 57. g5 Rb3 58. Be3 Rb1 59. g6+ Kf6 60. Bd4+ Kg5 61. g7 Rb8 62. Kf3 Rb3+ 63. Be3+ {[%emt 0:00:01] Weighted Error Value: White=0.31/Black=0.46} 1-0

[Event "ChessKid Cup Div-III 2023"]
[Site "Online"]
[Date "2023.05.25"]
[Round "56.2"]
[White "Kamsky, Gata"]
[Black "Lazavik, Denis"]
[Result "1/2-1/2"]
[ECO "C67"]
[WhiteElo "2665"]
[BlackElo "2544"]
[Annotator "TA"]
[PlyCount "58"]
[EventDate "2023.05.21"]
[EventType "k.o."]
[EventCountry "NET"]
[SourceTitle "playchess.com"]
[Source "ChessBase"]
[SourceQuality "1"]
[TimeControl "900+3"]

1. e4 e5 2. Nf3 Nc6 3. Bb5 Nf6 4. O-O Nxe4 5. d4 Nd6 6. Bxc6 dxc6 7. dxe5 Nf5 8. Qxd8+ Kxd8 9. Rd1+ Ke8 10. Nc3 Be7 11. g3 {[%emt 0:00:39] C67: Ruy Lopez: Berlin Defence: 4 0-0 Nxe4.} (11. h3 h5 12. g3 Be6 13. b3 Rd8 14. Bf4 Rxd1+ 15. Rxd1 b6 16. Ng5 Rh6 17. Nxe6 Rxe6 18. Ne4 c5 19. c3 Bd8 20. a4 a5 {1-0 Kamsky,G (2658)-Lazavik,D (2483) Titled Tuesday intern op 15 Mar Early blitz 2022 (8)}) 11... Be6 12. b3 Rd8 13. Bb2 {[%emt 0:00:03] The position is equal.} h5 14. h3 {[%emt 0:00:09] [#]} a5 $146 ({Predecessor:} 14... Nh6 15. Kg2 Bf5 16. Ne1 g5 17. Ne2 Rf8 18. f3 Bh7 19. Rxd8+ Kxd8 20. Rd1+ Kc8 {½-½ Martynov,A (2382)-Romm,M (2453) RUS-ch sf 12-1 email 2012}) 15. Ne4 Bd5 16. Nfg5 b5 17. Rac1 (17. a4 $5 ) 17... c5 18. c4 (18. h4 {simplifies} Bxe4 19. Rxd8+ Bxd8 20. Nxe4 Be7 21. a4) 18... bxc4 19. bxc4 Bc6 20. Rxd8+ Bxd8 21. Re1 Bxg5 22. Nxg5 Nd4 23. f4 Ke7 (23... h4 $11 24. g4 Ne6) 24. Ba3 (24. e6 $1 $14 f6 25. Ba3) 24... Ne6 $11 25. Nxe6 Kxe6 26. Rd1 {[%emt 0:00:13] Prevents Rd8.} Rg8 27. Kf2 g5 28. Ke3 (28. fxg5 $11 Rxg5 29. Bc1 Rxe5 30. Bf4) 28... Bg2 29. Bxc5 (29. f5+ $1 $15 {was preferrable.} Kxf5 30. Rd7) 29... Bxh3 {[%emt 0:00:03] Weighted Error Value: White=0.16 (very precise) /Black=0.11 (very precise)} 1/2-1/2

[Event "ChessKid Cup Div-III 2023"]
[Site "Online"]
[Date "2023.05.25"]
[Round "56.3"]
[White "Navara, David"]
[Black "Bernadskiy, Vitaliy"]
[Result "0-1"]
[ECO "A29"]
[WhiteElo "2678"]
[BlackElo "2592"]
[Annotator "TA"]
[PlyCount "62"]
[EventDate "2023.05.21"]
[EventType "k.o."]
[EventCountry "NET"]
[SourceTitle "playchess.com"]
[Source "ChessBase"]
[SourceQuality "1"]
[TimeControl "900+3"]

1. c4 e5 2. g3 Nf6 3. Bg2 d5 4. cxd5 Nxd5 5. Nc3 Nb6 6. Nf3 Nc6 7. O-O Be7 8. b3 Bg4 {[%emt 0:00:06] A29: English Opening: Four Knights Variation with 4 g3.} 9. Bb2 Qd7 10. Rc1 Bh3 (10... f6 $11 {deserves consideration.}) 11. Bxh3 Qxh3 12. Nb5 {[%emt 0:00:04][%csl LRc7,LRe5] [#]} Bd6 $146 (12... O-O $14) ({Predecessor:} 12... e4 13. Ne5 Nd5 14. Nxc6 bxc6 15. Qc2 O-O 16. Qxc6 Rad8 17. Nxc7 Nxc7 18. Qxc7 Rd5 19. Qf4 Rh5 20. g4 Bd6 21. Qxd6 Qxg4+ 22. Qg3 {1-0 Sarno,S (2330)-Sorcinelli,F (2118) Torino-ch 36th playoff 2011 (8.1)}) 13. Qc2 (13. e4 $142) 13... O-O $16 {[%emt 0:00:19] [#]} 14. d4 $1 Rfe8 (14... Nb4 $14 15. Qb1 exd4) 15. dxe5 Bxe5 (15... Nxe5 $16 {was necessary.} 16. Nxc7 Nxf3+ 17. exf3 Rec8) 16. Bxe5 $18 Nxe5 17. Nxc7 Nxf3+ 18. exf3 Re5 {[%emt 0:00:28][%cal Oe5h5] [#]} 19. f4 $1 ({Don't play} 19. Nxa8 $6 Rh5 20. Rfe1 Qxh2+ 21. Kf1 Qh3+ 22. Ke2 Re5+ 23. Kd2 Qd7+ 24. Qd3 Rd5 $16) 19... Rh5 20. f3 $36 {[%emt 0:00:04][%mdl 2048] White is in control.} Rc8 21. g4 ({Better is} 21. Rfd1 $18) 21... Rxc7 $2 {[%emt 0:00:31][%mdl 8192] [#] Loses the game.} 22. Rfe1 $1 Nd7 (22... Kf8 23. Qe2) 23. Qd2 (23. Re8+ {mates} Nf8 24. Qxc7 Qxh2+ 25. Kf1 g6 26. gxh5 Qxh5 27. Kf2 Qh4+ 28. Ke3) 23... Rxc1 24. Rxc1 {[%emt 0:00:03] Threatening mate with Rc8+.} Nf8 {[%emt 0:00:28] Strongly threatening ...Rh6.} 25. gxh5 Qxf3 {[%emt 0:00:04][%mdl 4096] Endgame [#] KQR-KQN} 26. h6 Qh5 (26... Qh3 27. hxg7) 27. hxg7 Ng6 28. Rc3 {[%emt 0:02:11] Black must now prevent Qd4.} Kxg7 29. Qd4+ Kh6 30. Rg3 {[%emt 0:00:10] And now Qc3 would win.} (30. Qxa7 $2 {is the wrong capture.} Qd1+ 31. Kg2 Qd2+ 32. Qf2 Qxc3 $19) 30... Qf5 31. Qd2 {[%emt 0:00:09] aiming for Qc3.} ({Weaker is} 31. Qxa7 Qb1+ 32. Kg2 Qe4+ 33. Kg1 Qb1+ 34. Kg2 Qe4+ 35. Kg1 Qb1+ $11) 31... Qc5+ {[%emt 0:00:06][%mdl 32768] Weighted Error Value: White=0.48/Black=0.60. Loss on time!?} 0-1

[Event "ChessKid Cup Div-III 2023"]
[Site "Online"]
[Date "2023.05.25"]
[Round "57.1"]
[White "Lazavik, Denis"]
[Black "Bernadskiy, Vitaliy"]
[Result "1-0"]
[ECO "A40"]
[WhiteElo "2544"]
[BlackElo "2592"]
[Annotator "TA"]
[PlyCount "51"]
[EventDate "2023.05.21"]
[EventType "k.o."]
[EventCountry "NET"]
[SourceTitle "playchess.com"]
[Source "ChessBase"]
[SourceQuality "1"]
[TimeControl "900+3"]

1. d4 g6 2. c4 Bg7 3. Nf3 c5 4. d5 b5 5. cxb5 a6 6. bxa6 {[%emt 0:00:14] A40: Unusual replies to 1 d4.} Bxa6 7. Nc3 d6 8. e4 {[%emt 0:01:07] White is slightly better.} Bxf1 9. Kxf1 Nd7 10. g3 Qa5 11. Bd2 {[%emt 0:00:47] [#]} Nb6 $146 ({Predecessor:} 11... Ngf6 12. Kg2 O-O 13. h3 Rfb8 14. b3 Qa3 15. Re1 Ne8 16. Rc1 Nc7 17. Rc2 Qa7 18. Qe2 Qa6 19. Qxa6 Rxa6 20. Na4 Nb5 21. Bc1 Kf8 22. Bb2 Bxb2 {½-½ Kamberi,S (2352)-Wojtkiewicz,A (2568) Thompson Memorial op 2001 (5)}) 12. Qe2 {[%emt 0:01:26] Strongly threatening Nb5.} Na4 13. Kg2 (13. Nb5 $18 Qd8 14. Rb1) 13... Nxc3 $16 14. Bxc3 Bxc3 15. bxc3 Qxc3 16. e5 {[%emt 0:00:18][%cal Be4e5,Be5d6,Bd6d7][%mdl 32] Wards off Nf6} Kf8 17. Rhe1 {[%emt 0:00:30] Rab1 would be deadly.} Kg7 {[%emt 0:00:07] [#]} 18. Rac1 (18. Rab1 $1 $16 ) 18... Qa3 $14 19. Ng5 {[%emt 0:00:57][%cal Og5f7] And now Nxf7! would win.} h6 $2 {[%emt 0:01:03][%mdl 8192] [#] A mistake that costs the game.} (19... Qa6 $14) 20. Nxf7 $1 $18 {[%emt 0:00:48][%cal Oe5d6][%mdl 512] aiming for exd6!} Kxf7 (20... Qxa2 21. Qxa2) 21. exd6 Re8 22. d7 {[%emt 0:00:50] Threatening mate with Qe6+.} Rd8 23. Qe5 {[%emt 0:00:03] Threatens to win with Rc4.} Rh7 24. Rc3 Qa8 25. Rf3+ Nf6 26. Qxe7+ {[%emt 0:00:09] Artfully played by Lazavik.   Weighted Error Value: White=0.38/Black=1.00} (26. Rxf6+ $142 exf6 27. Qe7+ (27. Qd6 $2 Kg8 $19) 27... Kg8 28. Qe8+ (28. Qxf6 $2 {too greedy.} Qxd5+ 29. Kg1 Rhxd7 $19) 28... Rxe8 29. Rxe8+ Qxe8 30. dxe8=Q+ Kg7 31. d6) 1-0

[Event "ChessKid Cup Div-III 2023"]
[Site "Online"]
[Date "2023.05.25"]
[Round "57.2"]
[White "Bernadskiy, Vitaliy"]
[Black "Lazavik, Denis"]
[Result "1/2-1/2"]
[ECO "C65"]
[WhiteElo "2592"]
[BlackElo "2544"]
[Annotator "TA"]
[PlyCount "152"]
[EventDate "2023.05.21"]
[EventType "k.o."]
[EventCountry "NET"]
[SourceTitle "playchess.com"]
[Source "ChessBase"]
[SourceQuality "1"]
[TimeControl "900+3"]

1. e4 e5 2. Nf3 Nc6 3. Bb5 Nf6 4. d3 Bc5 5. c3 O-O 6. O-O {[%emt 0:00:02] C65: Ruy Lopez: Berlin Defence (3...Nf6), unusual lines and 4 0-0 Bc5.} d5 {[%emt 0:00:01] Nowadays more popular than 6...d6.} 7. exd5 Qxd5 8. Bc4 {[%emt 0:00:01] White is slightly better.} Qd8 9. Nbd2 a5 {[%emt 0:00:13] [#]} 10. Qc2 $146 ({Predecessor:} 10. h3 Bf5 11. Qc2 h6 12. Ne4 Bb6 13. Re1 Re8 14. Be3 Bxe3 15. Nxf6+ Qxf6 16. Rxe3 {½-½ Grandelius,N (2666)-Jones,G (2684) Sigeman & Co 26th 2021 (6)}) 10... h6 11. Re1 Re8 12. Bb5 Qd5 13. a4 Bg4 14. Ne4 Bxf3 15. gxf3 Be7 16. Kh1 Qd7 17. Rg1 Kh8 18. Be3 Nh5 (18... Nd5 $11 19. Nd2 Red8) 19. Qd2 (19. Ng3 $5 Nf6 20. Rad1 $11) 19... Qf5 20. Rg2 Bf8 21. Qd1 Nf4 (21... Qh3 {seems wilder.} 22. Ng3 Nf4 23. Rg1 Rad8) 22. Rg4 (22. Bxf4 $142 Qxf4 23. Qe2) 22... Nd5 $11 23. Qe2 Re6 (23... Qd7 $17 24. Nd2 f5) 24. Rag1 Rg6 25. Ng3 Qe6 26. Bc4 Rd8 27. Bc1 Qd7 28. Rxg6 fxg6 29. Qe4 g5 30. Nh5 Nf4 (30... Qf7 $11 {remains equal.}) 31. Bxf4 (31. Nxf4 $16 gxf4 32. Re1) 31... exf4 32. d4 (32. Re1 {is more complex.} Ne7 33. d4 Qf5 34. Qxb7 Qg6 35. Nxf4 gxf4 36. Qxc7 Rc8 37. Qxf4 Qc2 38. Be6) 32... Qe8 {[%emt 0:00:17] Black is weak on the light squares} (32... Qe7 $1 $11) 33. Qxe8 $16 Rxe8 {[%emt 0:00:00] [#]} 34. h4 $1 {[%emt 0:00:01][%mdl 64] Deflection} gxh4 35. Nxf4 g5 36. Ng6+ Kg7 37. Nxh4 Kf6 {[%emt 0:00:02] Inhibits f4.} 38. Ng2 Bd6 39. Bb5 {[%emt 0:00:07] aiming for d5.} Rb8 40. Re1 Ne7 41. Ne3 h5 (41... Ng6 $14) 42. Nc4 b6 43. Nxd6 cxd6 {[%emt 0:00:02][%mdl 4096] Endgame KRB-KRN} 44. Bd7 {[%emt 0:00:00] White is more active.} (44. Bc4 $1 $16) 44... Rd8 $11 45. Re6+ Kf7 {[%emt 0:00:01] ...Nf5 would be deadly.} 46. Rxd6 Kg7 {[%emt 0:00:02] [#]} 47. Rxb6 Rxd7 {[%emt 0:00:02] KRN-KR} 48. Rb5 Rd5 49. b3 (49. Kh2 $15) 49... Kf7 $17 50. c4 (50. Rb7 $17) 50... Rf5 $2 (50... Rxd4 51. Rxg5 Rd3 52. Rxh5 $15) (50... Rxb5 $19 51. axb5 Ke8) 51. Kg2 $2 (51. d5 $1 $15) 51... h4 $2 (51... Rxb5 $1 $19 52. axb5 Nf5) 52. d5 Ng6 $1 {[%emt 0:00:07] And now ...Nf4+ would win.} 53. b4 axb4 {[%emt 0:00:02] White must now prevent ...Nf4+.} 54. a5 $2 ({White should play} 54. Rb7+ $15 Kf6 55. Rb6+ Kf7 56. Rb7+ Kf6 57. Rb6+ Kg7 58. Rxb4) 54... Nf4+ $19 55. Kh2 Re5 {[%emt 0:00:02] ...Re2 is the strong threat.} 56. a6 $2 (56. Rxb4 Re2 57. Rb7+ Kf6 58. d6 Rxf2+ 59. Kg1 Rg2+ 60. Kh1) 56... Re2 {[%emt 0:00:00] ( -> ...h3)} 57. Rb7+ Kf6 $2 (57... Kg6 $1 $19 {is more deadly.} 58. Rxb4 Rxf2+ 59. Kg1 Rg2+ 60. Kf1 Ra2 61. Rb6+ Kf5) 58. d6 $2 (58. a7 $17 Rxf2+ 59. Kh1 Rf1+ 60. Kh2) 58... Rxf2+ 59. Kg1 Ra2 (59... Rxf3 60. d7 Rg3+ 61. Kf2 Nh3+ 62. Ke2 Nf4+ 63. Kf2 $11) (59... Rg2+ $1 $19 60. Kh1 h3) 60. a7 $2 {[%emt 0:00:04][%mdl 8192] [#]} (60. d7 $15 Ne2+ 61. Kh2) 60... b3 $2 61. d7 $132 {[%emt 0:00:02][%mdl 2048] White puts up resistance} Ne6 62. Rb6 {[%emt 0:00:12] Dancing on a razor blade.} Ke7 {[%emt 0:00:00] Hoping for ...Nd4.} (62... Rxa7 {gets mated.} 63. d8=Q+ (63. d8=B+ $2 {is the wrong capture.} Kf7 $19) 63... Kf7 64. Qd5 Re7 65. Qf5+ Kg7 66. Rxe6 Rxe6 67. Qxe6) 63. Rxe6+ $1 {[%emt 0:00:01][%mdl 64] Remove Defender, Deflection, Promotion} Kxd7 $1 {[%emt 0:00:01] KR-KR} 64. Rb6 Rxa7 {[%emt 0:00:01] Threatens to win with ...Ra1+.} 65. Rxb3 Ke6 66. Rb6+ Ke5 67. Kg2 {[%emt 0:00:03] [#]} (67. Rb2 $11) 67... Rc7 (67... Ra2+ $1 $17 68. Kh3 Rf2 69. Rb5+ Kf4) 68. Rb4 {[%emt 0:00:04] The position is equal.} Kd4 69. c5+ Kxc5 70. Rg4 Rg7 71. f4 h3+ 72. Kh2 Kd6 73. fxg5 Ke5 74. Kxh3 Kf5 75. g6 Rxg6 76. Rxg6 Kxg6 {[%emt 0:00:00] Black had all chances to win.   Weighted Error Value: White=0.54/Black=0.60} 1/2-1/2

[Event "ChessKid Cup Div-III 2023"]
[Site "Online"]
[Date "2023.05.25"]
[Round "58.1"]
[White "Harikrishna, Pentala"]
[Black "Lazavik, Denis"]
[Result "1-0"]
[ECO "A29"]
[WhiteElo "2704"]
[BlackElo "2544"]
[Annotator "TA"]
[PlyCount "119"]
[EventDate "2023.05.21"]
[EventType "k.o."]
[EventCountry "NET"]
[SourceTitle "playchess.com"]
[Source "ChessBase"]
[SourceQuality "1"]
[TimeControl "900+3"]

1. c4 Nf6 2. Nc3 e5 3. Nf3 Nc6 4. d3 d5 5. cxd5 Nxd5 6. g3 Be7 7. Bg2 Be6 8. O-O O-O 9. Bd2 Qd7 10. Rc1 Nxc3 {[%emt 0:00:14] A29: English Opening: Four Knights Variation with 4 g3.} 11. Bxc3 f6 {[%emt 0:00:02] [#]} 12. Re1 $146 ({Predecessor:} 12. a3 Nd4 13. Nd2 c5 14. a4 Rab8 15. Nc4 b6 16. e3 Nf5 17. Qc2 Nd6 18. Rfd1 {½-½ Maghsoodloo,P (2501)-Costachi,M (2420) World ol U16 2016 (9.1)}) 12... Rfd8 {[%emt 0:00:24] The position is equal.} (12... Bxa2 13. b3 $16) 13. Qa4 {[%emt 0:00:29] [#]} Nb4 $1 {[%emt 0:00:45][%mdl 64] Discovered Attack} 14. Qxd7 Rxd7 15. a3 Na2 16. Rb1 Nxc3 (16... Rad8 $5) 17. bxc3 Bxa3 18. Rxb7 Bd5 19. Rb5 c6 20. Ra5 Bb2 21. Rb1 Bxc3 22. Rc5 (22. Ra3 $5 Bd4 23. Nxd4 exd4 24. Rc1 $11) 22... Ba2 23. Rc1 Bb4 24. Rxc6 Bd5 25. Ra6 Bb7 26. Ra2 (26. Ra4 $5 a5 27. Nh4 $15) 26... Bd5 27. Ra6 Bb7 28. Nh4 Bxa6 {[%emt 0:00:21] This pair of bishops is nice.} 29. Bxa8 Rd8 30. Be4 Bb5 31. Bc6 Bxc6 32. Rxc6 $11 {[%emt 0:00:01][%mdl 4096] Endgame KRB-KRN} a5 33. Ra6 {[%emt 0:00:02] Dodges Ra8} g6 34. g4 Rc8 35. Nf3 Rc2 36. e3 Kg7 37. h4 Rc3 38. Ra7+ Kg8 39. g5 fxg5 40. hxg5 Rxd3 41. Nxe5 Rd5 42. f4 Rd2 43. Ng4 {[%emt 0:00:31] Nf6+ is the strong threat.} Bc3 44. Kf1 Ra2 {[%emt 0:00:18] [#]} (44... Kf8 $1 $14) 45. e4 ({White should try} 45. Nh6+ $1 $16 Kf8 46. Rf7+ (46. Rxh7 Bg7 $11) 46... Ke8 47. Rxh7) 45... Ra4 46. Ke2 (46. Nh6+ $14 Kf8 47. Ke2) 46... Bg7 $1 (46... Rxe4+ $2 47. Kd3 Rxf4 48. Nh6+ (48. Kxc3 Rxg4 49. Rxa5 Rh4 $11) 48... Kf8 49. Kxc3 $18) 47. Kd3 Ra3+ 48. Kc2 Ra4 49. e5 Rxf4 50. Nf6+ {[%emt 0:00:02][%mdl 64] Deflection} Kf8 $2 (50... Bxf6 $11 51. exf6 (51. gxf6 h5 $11) 51... Rf5) 51. Nxh7+ $18 ({Not} 51. Rxa5 Bxf6 52. exf6 Rf5 53. Rxf5 gxf5 $11) 51... Kg8 52. Nf6+ Kf8 53. Kd3 {[%emt 0:00:26] Strongly threatening Ke3.} ({Less strong is} 53. Rxa5 Rf5 $16) 53... a4 54. Ke3 {[%emt 0:00:06][%mdl 64] Deflection} Rf1 55. Ke4 a3 56. Kd5 Rb1 57. Ra8+ Ke7 58. Ra7+ Kf8 $1 59. e6 Bxf6 60. gxf6 {[%emt 0:00:01] Weighted Error Value: White=0.18 (very precise) /Black=0.22 (precise)} 1-0

[Event "ChessKid Cup Div-III 2023"]
[Site "Online"]
[Date "2023.05.25"]
[Round "58.2"]
[White "Lazavik, Denis"]
[Black "Harikrishna, Pentala"]
[Result "1/2-1/2"]
[ECO "D37"]
[WhiteElo "2544"]
[BlackElo "2704"]
[Annotator "TA"]
[PlyCount "69"]
[EventDate "2023.05.21"]
[EventType "k.o."]
[EventCountry "NET"]
[SourceTitle "playchess.com"]
[Source "ChessBase"]
[SourceQuality "1"]
[TimeControl "900+3"]

1. d4 Nf6 2. c4 e6 3. Nf3 d5 4. Nc3 Nbd7 5. Qc2 dxc4 6. e4 {[%emt 0:00:04] D37: Queen's Gambit Declined: 5 Bf4.} Nb6 7. a4 {[%emt 0:00:14][%mdl 1024] Black should prevent a5. White has compensation.} a5 ({Don't do} 7... Bb4 8. a5 Nbd7 9. e5 $16 (9. Bxc4 c5 $16)) 8. Be3 {[%emt 0:00:03] The position is equal.} Bb4 (8... Ng4 $5 ) 9. Ne5 O-O 10. Be2 Nfd7 11. Nxc4 Nxc4 12. Bxc4 {[%emt 0:00:02] [#]} c5 $146 ({Predecessor:} 12... e5 13. d5 Kh8 14. O-O c6 15. Rad1 Qc7 16. Ba2 cxd5 17. exd5 f5 18. f4 exf4 19. Bxf4 {1-0 Indjic,A (2618)-Javakhadze,Z (2454) Titled Tuesday intern op 4th Aug 2pm blitz 2020 (3)}) 13. Rd1 cxd4 14. Bxd4 Qc7 15. Be2 e5 16. Be3 Nf6 17. O-O Be6 18. Rc1 Rac8 19. Qb1 Qe7 20. Bg5 h6 21. Bh4 Bxc3 22. Rxc3 Rxc3 23. bxc3 Rc8 24. Rc1 {[%emt 0:00:05] [#]} (24. f3 $11 {remains equal.}) 24... Qa3 $1 $17 25. f3 Rxc3 (25... Qxa4 $17 {[%cal Oc8c3] Strongly threatening ...Rxc3!} 26. Bf2 Qb3) 26. Rxc3 $11 Qxc3 27. Qxb7 Qd4+ 28. Bf2 Qxa4 {[%emt 0:00:37] [#] aiming for ...Qa1+.} 29. Qb8+ Kh7 {[%emt 0:00:52] ...Qa1+ would be deadly.} 30. Qxe5 Qc2 {[%emt 0:00:01] Against Qb2} 31. Qb5 {[%emt 0:00:32] Repels Qb1+} a4 32. Qd3 ({White should try} 32. e5 $1 $11 Qc1+ 33. Bf1) 32... Qxd3 $15 {[%emt 0:00:22] Black is slightly better.} 33. Bxd3 {[%emt 0:00:00] Hoping for e5+.} Nd7 34. Bd4 a3 {[%emt 0:00:24] Against Bb2} 35. Bb5 {[%emt 0:00:14] Weighted Error Value: White=0.12 (very precise) /Black=0.11 (very precise)} 1/2-1/2